 Dungeon Crawl Stone Soup version 0.20.0-15-g7f486f2 (console) character file.

23 removed the Ducker (level 2, 0/13 HPs)
             Began as a Spriggan Necromancer on June 10, 2017.
             Slain by a jackal (1 damage)
             ... on level 1 of the Dungeon.
             The game lasted 00:01:11 (976 turns).

removed the Ducker (Spriggan Necromancer)            Turns: 976, Time: 00:01:11

Health: 0/13       AC:  2    Str:  4    XL:     2   Next: 75%
Magic:  1/6        EV: 23    Int: 16    God:
Gold:   41         SH:  0    Dex: 16    Spells: 5/6 levels left

rFire    . . .     SeeInvis +   (weapon restricted)
rCold    . . .     Gourm    .   (shield restricted)
rNeg     . . .     Faith    .   a - +0 robe
rPois    .         Spirit   .   (helmet restricted)
rElec    .         Reflect  .   (no cloak)
rCorr    .         Harm     .   (gloves unavailable)
MR       +....                  (boots unavailable)
Stlth    ++........             (no amulet)
Regen    0.1/turn               h - ring of protection from magic
MPRegen  0.1/turn               j - +3 ring of evasion

@: very quick
A: unfitting armour, see invisible, herbivore 3, speed 3, slow metabolism 2
a: no special abilities


You were on level 1 of the Dungeon.
You were not hungry.

You visited 1 branch of the dungeon, and saw 1 of its levels.

You collected 41 gold pieces.

Inventory:

Armour
 a - a +0 robe (worn)
Jewellery
 h - a ring of protection from magic (left hand)
 j - a +3 ring of evasion (right hand)
Scrolls
 d - a scroll of teleportation {unknown}
 e - a scroll of identify {unknown}
 k - a scroll of fear {unknown}
 l - a scroll of magic mapping {unknown}
Potions
 f - 2 potions of lignification {unknown}
 g - a potion of ambrosia {unknown}
 i - a potion of mutation {unknown}
Books
 b - a book of Necromancy

   Spells                             Type                      Level
   a - Pain                           Necromancy                   1
   b - Animate Skeleton               Necromancy                   1
   c - Vampiric Draining              Necromancy                   3
   d - Regeneration                   Charms/Necromancy            3
   e - Animate Dead                   Necromancy                   4
   f - Control Undead                 Necromancy                   4
Comestibles
 c - 2 bread rations


   Skills:
 + Level 4.9 Dodging
 - Level 3.0 Stealth
 - Level 2.6 Spellcasting
 - Level 3.6 Necromancy


You had 5 spell levels left.
You knew the following spells:

 Your Spells              Type           Power        Failure   Level  Hunger
a - Pain                  Necr           ##..         4%          1    #......


Dungeon Overview and Level Annotations

Branches:
Dungeon (1/15)

Altars:


Innate Abilities, Weirdness & Mutations

You are very small and have problems with some larger weapons.
You are too small for most types of armour.
You have supernaturally acute eyesight. (SInv)
You are a herbivore.
You cover ground extremely quickly.
You need consume almost no food.


Message History

The jackal closely misses you.
The jackal barks!
You hit the jackal.
The jackal is moderately wounded.
The jackal completely misses you. The bat closely misses you.
The jackal completely misses you.
You hit the jackal but do no damage.
The jackal is moderately wounded.
The bat closely misses you.
The jackal bites you but does no damage.
You hit the jackal but do no damage.
The jackal is moderately wounded.
The bat completely misses you. The jackal bites you.
* * * LOW HITPOINT WARNING * * *
You hit the jackal.
The jackal is heavily wounded.
The bat completely misses you. The jackal completely misses you.
The jackal barely misses you. The bat closely misses you.
The jackal barely misses you. The jackal bites you.
You die...

#.#### #
......#..............
...... #.
.........###......
#..###
................####.
##### ###............##.
#. ....#
####...##)#..#.(# .# ..
###.####......#........#
## #).
......(....###.).......#
..
##.......####..hhh.....(
....##......#..b@.......
###...#####.............
##.. #............# #..
....##...#...## #..
##.#.##...##### #..
#..†........ ###
#...######### ...# #.##


You could see 3 jackals and a bat.

Vanquished Creatures
  A ball python (D:1)
  2 giant cockroaches (D:1)
  2 goblins (D:1)
  4 hobgoblins (D:1)
  2 kobolds (D:1)
  5 bats (D:1)
  2 frilled lizards (D:1)
  2 rats (D:1)
20 creatures vanquished.

Notes
Turn   | Place    | Note
-------+----------+-------------------------------------------
     0 | D:1      | removed the Spriggan Necromancer began the quest for the Orb.
     0 | D:1      | Reached XP level 1. HP: 9/9 MP: 5/5
   411 | D:1      | Reached skill level 4 in Dodging
   452 | D:1      | Reached XP level 2. HP: 11/13 MP: 4/6
   976 | D:1      | Slain by a jackal

Skill      XL: |  1 |
---------------+----+-----
Dodging        | 4 |  4.9
Stealth        | |  3.0
Spellcasting   | |  2.6
Necromancy     | |  3.6

Action                   || total
-------------------------++-------
Melee: Unarmed           ||    24
 Cast: Pain              ||    40
Armor: Robe              ||     3
Dodge: Dodged            ||    58
